 Dungeon Crawl Stone Soup version 0.32-a0-540-g866d13106e (webtiles) character file.

Game seed: 5468972816545146801

230 retardedninja the Trooper (level 5, -2/47 HPs)
             Began as a Mountain Dwarf Fighter on Feb 28, 2024.
             Slain by Pikel
             ... wielding a +2 whip of freezing
              (11 damage)
             ... on level 4 of the Dungeon.
             The game lasted 00:04:14 (3189 turns).

retardedninja the Trooper (Mountain Dwarf Fighter)  Turns: 3189, Time: 00:04:15

Health: -2/47      AC:  0    Str: 20    XL:     5   Next: 72%
Magic:  5/5        EV: 17    Int:  7    God:
Gold:   190        SH:  0    Dex: 14    Spells: 4/4 levels left

rFire   . . .        a - melded +0 war axe
rCold   . . .        c - melded +0 buckler
rNeg    . . .        r - melded +0 plate armour
rPois   .            p - melded +0 helmet
rElec   .            t - melded +0 cloak
rCorr   .            (gloves currently unavailable)
SInv    .            (boots currently unavailable)
Will    +....        (no amulet)
Stlth   +            m - melded ring of poison resistance
HPRegen 0.27/turn    (ring currently unavailable)
MPRegen 0.09/turn

%: no passive effects
@: mighty, bat-form, enlightened, flying, very quick
A: fast, flying, no casting, tiny, runic magic, artefact enchanting, dopey 1,
wild magic 1
a: no special abilities


You were on level 4 of the Dungeon.
You were a bat.
You visited 1 branch of the dungeon, and saw 4 of its levels.

You collected 190 gold pieces.

Inventory:

Hand Weapons
 a - a +0 war axe (melded)
Missiles
 f - a throwing net (quivered)
Armour
 c - a +0 buckler (melded)
 l - the +3 scale mail "Hilyab" {rPois rCorr SInv}
   (You found it on level 2 of the Dungeon)

   rPois:     It protects you from poison SInv: It lets you see invisible.
   rCorr:     It protects you from acid and corrosion.
 p - a +0 helmet (melded)
 r - a +0 plate armour (melded)
 t - a +0 cloak (melded)
Jewellery
 m - a ring of poison resistance (melded)
 A - a ring of ice
Scrolls
 b - a scroll of vulnerability {unknown}
 e - a scroll of silence {unknown}
 g - a scroll of blinking {unknown}
 i - 2 scrolls of enchant armour {unknown}
 j - a scroll of torment {unknown}
 n - 2 scrolls of teleportation {unknown}
 u - a scroll of poison {unknown}
 y - a scroll of revelation {unknown}
 B - 3 scrolls of identify {unknown}
Potions
 h - a potion of mutation
 k - a potion of enlightenment
 o - a potion of attraction {unknown}
 q - 2 potions of invisibility {unknown}
 s - a potion of heal wounds {unknown}
 v - a potion of cancellation {unknown}
 w - a potion of curing {unknown}
 x - a potion of brilliance {unknown}
 z - a potion of degeneration {unknown}


   Skills:
 * Level 4.8 Fighting
 * Level 4.5 Axes
 + Level 4.2 Armour
 + Level 4.2 Shields


You had 4 spell levels left.
You didn't know any spells.
Your spell library contained the following spells:

 Spells                   Type           Power      Damage    Failure   Level
 Dazzling Flash           Conj/Hex       0%         N/A       86%         3
 Volatile Blastmotes      Fire/Tloc      0%         2d10      86%         3
 Starburst                Conj/Fire      0%         6d3       100%        6
 Maxwell's Capacitive Co  Air            0%         ∞         100%        8


Dungeon Overview and Level Annotations

Branches:
Dungeon (4/15)
 Temple: D:4-7

Altars:

Annotations:
D:4 Pikel


Innate Abilities, Weirdness & Mutations

You are a bat.
You are tiny and dextrous.
You move quickly.
You are flying.
Your equipment is almost entirely melded.
You are incapable of wielding weapons or throwing items.
You cannot cast spells.
Your spellcasting is much less encumbered by armour.
You can use scrolls of enchantment on lesser artefacts.
You are dopey. (Int -2)
Your spells are a little harder to cast, but a little more powerful.


Message History

You slash the lemure!
The lemure is heavily wounded.
The lemure hits you.
You closely miss the lemure.
The lemure is heavily wounded.
The lemure hits you.
You slash the lemure!
You kill the lemure!
That felt strangely unrewarding.
Pikel zaps a wand.
You resist with some effort.
Pikel zaps a wand.
You turn into a bat.
Your +0 war axe melds into your body.
Your +0 cloak melds into your body.
Your +0 helmet melds into your body.
Your +0 buckler melds into your body.
Your +0 plate armour melds into your body.
Your ring of poison resistance melds into your body.
You closely miss Pikel. Pikel misses you.
You hit Pikel.
Pikel is lightly wounded.
Pikel barely misses you.
You barely miss Pikel.
Pikel is lightly wounded.
Pikel hits you with a +2 whip of freezing!
Pikel freezes you.
You hit Pikel.
Pikel is lightly wounded.
Pikel hits you with a +2 whip of freezing.
Pikel freezes you.
You hit Pikel but do no damage.
Pikel is lightly wounded.
Pikel closely misses you.
It was a potion of mutation.
You feel extremely strange.
You feel less in control of your magic.
You feel stupid.
Pikel hits you with a +2 whip of freezing.
* * * LOW HITPOINT WARNING * * *
Pikel freezes you.
* * * LOW HITPOINT WARNING * * *
It was a potion of enlightenment.
You feel more buoyant.
Pikel hits you with a +2 whip of freezing!
You die...
Pikel says, "Another soul for the market."

#..# #..# .# #..#
.# .# #.[# .# .#
#..# .##.#
#..######## ....#
#.........#
....####.#######.#
.........# #b#
...###..## #K#
...###.## #5#
...##..## #5#
........# #.#
........# #.#
...#....# #.#
...#....# #.#
...######


You could see Pikel and 2 lemures.

Vanquished Creatures
  A centaur (D:4)
  2 lemures (D:4)
  A jelly (D:4)
  2 adders (D:2)
  7 dart slugs
  An orc (D:4)
  8 endoplasms
  6 giant cockroaches
  8 goblins
  6 hobgoblins
  6 jackals (D:1)
  4 quokkas
  9 ball pythons
  7 bats
  2 frilled lizards
  7 kobolds
  6 rats
83 creatures vanquished.

Notes
Turn   | Place    | Note
-------+----------+-------------------------------------------
     0 | D:1      | retardedninja the Mountain Dwarf Fighter began the quest
                  | for the Orb.
     0 | D:1      | Reached XP level 1. HP: 19/19 MP: 1/1
   171 | D:1      | Reached XP level 2. HP: 26/26 MP: 2/2
   433 | D:1      | Reached XP level 3. HP: 30/31 MP: 3/3
  1084 | D:2      | Identified the +3 scale mail "Hilyab" {rPois rCorr SInv}
  1413 | D:2      | Found a faded altar of an unknown god.
  1510 | D:2      | Reached XP level 4. HP: 39/40 MP: 4/4
  2963 | D:4      | Reached XP level 5. HP: 40/47 MP: 5/5
  3046 | D:4      | Noticed a centaur
  3059 | D:4      | Killed a centaur
  3170 | D:4      | Noticed a lemure
  3170 | D:4      | Noticed a lemure
  3171 | D:4      | Noticed Pikel
  3175 | D:4      | Noticed a lemure
  3177 | D:4      | Noticed a lemure
  3178 | D:4      | Killed a lemure
  3181 | D:4      | Killed a lemure
  3188 | D:4      | Gained mutation: Your spells are a little harder to cast,
                  | but a little more powerful. [potion of mutation]
  3188 | D:4      | Gained mutation: You are dopey. (Int -2) [potion of
                  | mutation]
  3189 | D:4      | Slain by Pikel

Illustrated notes

Levels and vault maps discovered:
D:1:      dpeg_arrival_rooms_with_view, layout_loops_corners
D:2:      minmay_razor_zed, layout_rooms, nicolae_ecumenical_lake_church
D:3:      layout_basic
D:4:      layout_basic, mainiacjoe_sewer_entry_somewhere_in_here_2,
          serial_shops, shop, minmay_bisected, uniq_pikel

Skill      XL: |  1  2  3  4 |
---------------+-------------+-----
Axes           | 3 4 |  4.5
Fighting       | 4 |  4.8
Shields        | 4 |  4.2
Armour         | 4 |  4.2

Action                     |  1- 3 |  4- 6 || total
---------------------------+-------+-------++-------
  Melee: War axe           |   117 |   116 ||   233
         Unarmed           |       |     5 ||     5
    Use: Potion            |       |     3 ||     3
 Armour: Scale mail        |    98 |    35 ||   133
         Plate armour      |       |    94 ||    94
         Skin              |       |     4 ||     4
  Dodge: Dodged            |    72 |    43 ||   115
  Block: Buckler           |    29 |    34 ||    63

Table legend: (Time is in decaauts)
 A = Elapsed time spent in this place.
 B = Non-inter-level travel time spent in this place.
 C = Inter-level travel time spent in this place.
 D = Time resting spent in this place.
 E = Time spent auto-exploring this place.
 F = Levels seen in this place.
 G = Mean time per level.
                   A        B        C        D        E       F      G
               +--------+--------+--------+--------+--------+-----+--------+
         Total |   3273 |   3197 |     76 |      0 |   2564 |   4 |  818.2 |
       Dungeon |   3273 |   3197 |     76 |      0 |   2564 |   4 |  818.2 |
               +--------+--------+--------+--------+--------+-----+--------+

Top non-repeatable levels by time:
     D:1: 1110 daAuts
     D:3: 932 daAuts
     D:2: 787 daAuts
     D:4: 443 daAuts
